 Dungeon Crawl Stone Soup version 0.22.0-60-ga52c2fc (webtiles) character file.

3203 shmeve the Skirmisher (level 9, -8/96 HPs)
             Began as an Octopode Berserker on Sept 10, 2018.
             Was an Elder of Trog.
             Mangled by a hog (12 damage)
             ... on level 7 of the Dungeon.
             The game lasted 00:11:28 (7735 turns).

shmeve the Skirmisher (Octopode Berserker)          Turns: 7735, Time: 00:11:28

Health: -8/96      AC:  1    Str: 24    XL:     9   Next: 96%
Magic:  9/9        EV: 19    Int:  9    God:    Trog [****..]
Gold:   253        SH:  0    Dex: 19    Spells: 8/8 levels left

rFire    . . .     SeeInvis .   z - +0 battleaxe
rCold    . . .     Gourm    .   (shield currently unavailable)
rNeg     . . .     Faith    .   (helmet restricted)
rPois    .         Spirit   .   (no amulet)
rElec    .         Reflect  .   f - +3 ring of dexterity
rCorr    .         Harm     .   p - ring of flight
MR       .....                  x - +4 ring of dexterity
Stlth    ..........             (no ring)
HPRegen  0.26/turn              (no ring)
MPRegen  0.11/turn              (no ring)
                                (no ring)
                                (no ring)

@: berserking, very quick
A: almost no armour, stealthy swim, amphibious, 8 rings, constrict 8, camouflage
1, gelatinous body 1
a: Berserk, Trog's Hand, Brothers in Arms, Renounce Religion, Evoke Flight


You were on level 7 of the Dungeon.
You worshipped Trog.
Trog was greatly pleased with you.
You were very hungry.

You visited 1 branch of the dungeon, and saw 7 of its levels.

You collected 253 gold pieces.

Inventory:

Hand Weapons
 y - a +0 war axe
 z - a +0 battleaxe (weapon)
Missiles
 m - 3 tomahawks (quivered)
 B - 6 needles of confusion
Jewellery
 f - a +3 ring of dexterity (left tentacle)
 p - a ring of flight (right tentacle)
 x - a +4 ring of dexterity (on tentacle)
Wands
 r - a wand of polymorph (14)
Scrolls
 c - 3 scrolls of enchant weapon {unknown}
 e - 2 scrolls of blinking {unknown}
 g - 7 scrolls of identify {unknown}
 h - 3 scrolls of fog {unknown}
 i - 7 scrolls of remove curse {unknown}
 j - 2 scrolls of magic mapping {unknown}
 l - 2 scrolls of random uselessness {unknown}
 q - 4 scrolls of teleportation {unknown}
 v - 2 scrolls of amnesia {unknown}
 w - a scroll of torment {unknown}
 A - a scroll of noise {unknown}
 D - a scroll of enchant armour {unknown}
Potions
 a - a potion of haste {unknown}
 d - 2 potions of resistance {unknown}
 k - 2 potions of might {unknown}
 n - 3 potions of lignification {unknown}
 o - a potion of mutation {unknown}
 s - 3 potions of magic {unknown}
 t - 2 potions of heal wounds {unknown}
 u - 3 potions of curing {unknown}
Comestibles
 b - 7 rations
 C - 3 chunks of flesh


   Skills:
 * Level 7.5 Fighting
 * Level 7.5 Axes
 + Level 4.3 Throwing
 * Level 7.5 Dodging
 + Level 6.6 Stealth


You had 8 spell levels left.
You didn't know any spells.
Your spell library was empty.

Dungeon Overview and Level Annotations

Branches:
Dungeon (7/15)             Temple (0/1) D:7

Altars:
Fedhas
Okawaru
Qazlal
Vehumet
Xom


Innate Abilities, Weirdness & Mutations

You cannot wear most types of armour.
You are very stealthy in the water. (Stealth+)
You are amphibious.
You can wear up to eight rings at the same time.
You can use your tentacles to constrict eight enemies at once.
Your skin changes colour to match your surroundings (Stealth+).
Your rubbery body absorbs attacks. (AC +1, EV +1)


Message History

Unknown command.
You barely miss the hog. You grab the hog.
You squeeze the hog, but do no damage.
The hog is heavily wounded.
You hit the hog. You slash the hog! You constrict the hog.
The hog barely misses you. The hog closely misses you.
The hog barely misses you. x2; The hog misses you.
The hog bites you!
* * * LOW HITPOINT WARNING * * *
A red film seems to cover your vision as you go berserk!
You feel yourself moving faster!
You feel mighty!
You are feeling very hungry.
You constrict the hog. The hog misses you. The hog bites you.
* * * LOW HITPOINT WARNING * * *
The hog bites you!
* * * LOW HITPOINT WARNING * * *
You slice the hog!!
You kill the hog!
Trog accepts your kill.
You hit the hog. You slash the hog! The hog bites you!
You die...

#.....#
#..............#..###
#####.#
#.##############..### #.#
#.# .. #..### #.# #######
#(# #..##. #.# #..#%%#
#.# ###..#. #)# #..#.%#
#.# #.##... #.# #..'?.#
#.# #.###..
#.###..#.h######.###.#
### #...#..#h@#
...#.....####
#########'####.#........#
................<..##.#
#######.####.#.###.##.#
.................#.##รท##
###########....#.#.##.#.
#....#.#.##.##
#....#.#.##.##
#..###.#.##...


You could see 2 hogs.

Vanquished Creatures
  An ugly thing (D:7)
  Prince Ribbit (D:5)
  Eustachio (D:4)
  A human (D:7)
  2 hogs (D:7)
  2 ice beasts
  A phantom (D:7)
  A sky beast (D:7)
  2 orc warriors
  3 ogres
  A centaur (D:7)
  2 bullfrogs
  7 wights (D:6)
  2 howler monkeys
  2 crimson imps
  2 orc priests
  A jelly (D:6)
  8 orc wizards
  7 worker ants
  6 adders
  2 shadow imps
  An adder zombie (D:6)
  An adder skeleton (D:6)
  A worm (D:2)
  A dart slug (D:2)
  22 orcs
  3 ball pythons
  4 bats
  9 giant cockroaches
  8 goblins
  8 hobgoblins
  8 jackals
  6 kobolds
  3 quokkas
  A ball python skeleton (D:4)
  3 frilled lizards
  A giant cockroach zombie (D:3)
  A jackal skeleton (D:4)
  A leopard gecko zombie (D:5)
  2 quokka skeletons (D:5)
  A quokka zombie (D:6)
  2 rats
142 creatures vanquished.

Notes
Turn   | Place    | Note
-------+----------+-------------------------------------------
     0 | D:1      | shmeve the Octopode Berserker began the quest for the Orb.
     0 | D:1      | Reached XP level 1. HP: 16/16 MP: 1/1
   226 | D:1      | Reached XP level 2. HP: 21/21 MP: 2/2
   609 | D:1      | Reached ** piety under Trog
   801 | D:2      | Reached XP level 3. HP: 23/26 MP: 3/3
   844 | D:2      | Found an iron altar of Okawaru.
   847 | D:2      | Found a shimmering altar of Xom.
   852 | D:2      | Found a radiant altar of Vehumet.
   883 | D:2      | Reached skill level 1 in Stealth
  1256 | D:2      | Reached XP level 4. HP: 27/32 MP: 4/4
  1462 | D:2      | Found a stormy altar of Qazlal.
  1536 | D:3      | Reached skill level 1 in Throwing
  1540 | D:3      | Reached XP level 5. HP: 36/37 MP: 5/5
  1946 | D:3      | Reached *** piety under Trog
  3034 | D:4      | Noticed Eustachio
  3048 | D:4      | Killed Eustachio
  3048 | D:4      | Reached XP level 6. HP: 11/44 MP: 6/6
  3870 | D:5      | Entered Level 5 of the Dungeon
  3901 | D:5      | Reached XP level 7. HP: 43/49 MP: 7/7
  4211 | D:5      | Noticed Prince Ribbit
  4216 | D:5      | Killed Prince Ribbit
  4216 | D:5      | Reached skill level 5 in Fighting
  4216 | D:5      | Reached skill level 5 in Axes
  4216 | D:5      | Reached skill level 5 in Dodging
  4358 | D:5      | Reached XP level 8. HP: 42/55 MP: 8/8
  5825 | D:6      | Reached **** piety under Trog
  5954 | D:6      | Reached skill level 5 in Stealth
  6408 | D:6      | Reached XP level 9. HP: 61/63 MP: 9/9
  6524 | D:7      | Found a staircase to the Ecumenical Temple.
  6614 | D:7      | Noticed a cyan ugly thing
  6621 | D:7      | Killed a cyan ugly thing
  7031 | D:7      | Found a blossoming altar of Fedhas.
  7470 | D:7      | Received a gift from Trog
  7734 | D:7      | HP: 4/96 [hog (11)]
  7735 | D:7      | Mangled by a hog

Skill      XL: |  1  2  3  4  5  6  7  8  9 |
---------------+----------------------------+-----
Stealth        | 1 2 3 4 5 6 |  6.6
Throwing       | 1 2 3 4 |  4.3
Fighting       | 4 5 6 7 |  7.5
Axes           | 4 5 6 7 |  7.5
Dodging        | 4 5 6 7 |  7.5

Action                   |  1- 3 |  4- 6 |  7- 9 || total
-------------------------+-------+-------+-------++-------
Melee: Hand axe          |    53 |    64 |    52 ||   169
       Constrict         |    11 |    21 |    33 ||    65
       Tentacles         |     7 |    17 |    47 ||    71
       War axe           |       |       |    30 ||    30
       Battleaxe         |       |       |    73 ||    73
Throw: Tomahawk          |       |     9 |     5 ||    14
Invok: Berserk           |       |     2 |     6 ||     8
       Trog's Hand       |       |       |     1 ||     1
 Abil: Stop Flying       |       |     1 |       ||     1
       Evoke Flight      |       |     1 |       ||     1
 Stab: Sleeping          |     5 |     5 |    13 ||    23
       Distracted        |       |       |     1 ||     1
  Eat: Chunk             |     1 |     4 |     9 ||    14
       Ration            |       |     2 |     2 ||     4
Armor: Skin              |     3 |     3 |     3 ||     9
Dodge: Dodged            |    32 |    56 |   113 ||   201
